 Dungeon Crawl Stone Soup version 0.19.0 (webtiles) character file.

2303 Cacophonie the Slicer (level 9, -1/53 HPs)
             Began as a High Elf Artificer on Nov 5, 2016.
             Was a Priest of Okawaru.
             Slain by Joseph
             ... wielding a +0 quarterstaff
              (6 damage)
             ... on level 7 of the Dungeon on Nov 6, 2016.
             The game lasted 00:44:58 (12253 turns).

Cacophonie the Slicer (High Elf Artificer)         Turns: 12253, Time: 00:44:58

Health: -1/53      AC:  8    Str: 12    XL:     9   Next: 18%
Magic:  11/12      EV: 15    Int: 15    God:    Okawaru [***...]
Gold:   360        SH:  0    Dex: 19    Spells: 0 memorised, 8 levels left

rFire  + . .     SeeInvis .     L - +1 falchion
rCold  x . .     Gourm    .     q - +0 ring mail
rNeg   . . .     Faith    .     (no shield)
rPois  .         Spirit   .     (no helmet)
rElec  .         Reflect  .     (no cloak)
rCorr  +         Harm     .     A - +1 pair of gloves
MR     .....                    (no boots)
Stlth  +++.......               (no amulet)
                                Q - ring of fire
                                w - ring of resist corrosion

@: heroism
A: no striking features
a: Heroism, Renounce Religion


You were on level 7 of the Dungeon.
You worshipped Okawaru.
Okawaru was most pleased with you.
You were very hungry.

You visited 1 branch of the dungeon, and saw 7 of its levels.

You collected 360 gold pieces.


Message History

Joseph is moderately wounded!
Joseph hits you with an uncursed quarterstaff! * * * don't die
* * * You cut Joseph into ribbons!
Joseph is heavily wounded!
You chop Joseph into pieces!
Joseph is heavily wounded!
Joseph hits you but does no damage!
You closely miss Joseph!
Joseph is heavily wounded!
You slice Joseph like a ripe choko!
Joseph is severely wounded!
Joseph hits you with an uncursed quarterstaff!!! * * * don't die
* * * You cut Joseph into ribbons!
Joseph is severely wounded!
You barely miss Joseph!
Joseph is severely wounded!
Joseph hits you with an uncursed quarterstaff! rip

### ########.## ###
#....((<..###.##
###.#####..@##...#.#...
#....# #(..@........#
#.#..# #...##...#.###
#.#..##########.##
#[#....# #.# #.##.#.#
#.# #.##.#.# ##S##
#....#.# #...# ######.#
#∩....#


You could see Joseph.

Inventory:

Hand Weapons
 a - a +0 short sword
 m - a +0 shortbow
 I - a +0 rapier
 L - a +1 falchion (weapon)
Missiles
 g - 28 poisoned needles
 j - a throwing net
 k - 158 stones (quivered)
 s - 24 tomahawks
 K - 33 arrows
Armour
 b - a +0 leather armour
 q - a +0 ring mail (worn)
 t - a +0 plate armour
 A - a +1 pair of gloves (worn)
 N - a +0 scale mail
Jewellery
 w - a ring of resist corrosion (left hand)
 y - an uncursed ring of positive energy
 Q - a ring of fire (right hand)
Wands
 c - a wand of flame (0/48)
 d - a wand of enslavement (19/24)
 e - a wand of random effects (8/48)
 r - a wand of disintegration (6/24)
 u - a wand of digging (11/24)
 H - a wand of flame (0/48)
Scrolls
 i - 7 scrolls of fog
 l - 2 scrolls of recharging
 n - a scroll of noise
 v - 2 scrolls of enchant armour
 B - 3 scrolls of remove curse
Potions
 o - 3 potions of lignification
 p - a potion of cure mutation {unknown}
 x - a potion of curing {unknown}
 D - a potion of cancellation {unknown}
 E - a potion of might {unknown}
 F - a potion of brilliance {unknown}
 G - a potion of resistance {unknown}
 J - a potion of magic {unknown}
Books
 P - a book of Conjurations

   Spells                             Type                      Level
   a - Magic Dart                     Conjuration                  1
   b - Searing Ray                    Conjuration                  2
   c - Dazzling Spray                 Conjuration/Hexes            3
   d - Fulminant Prism                Conjuration/Hexes            4
   e - Iskenderun's Mystic Blast      Conjuration                  4
   f - Iskenderun's Battlesphere      Conjuration/Charms           5
Comestibles
 f - 8 bread rations
 z - a fruit
 O - a slice of pizza


   Skills:
 - Level 1.0(6.0) Fighting
 - Level 11.0(17.3) Short Blades
 + Level 9.5(16.6) Long Blades
 - Level 2.1(7.1) Dodging
 - Level 1.1(6.1) Stealth
 - Level 3.0 Evocations


You had 8 spell levels left.
You didn't know any spells.

Dungeon Overview and Level Annotations

Branches:
Dungeon (7/15)             Temple (0/1) D:5

Altars:
Cheibriados
Dithmenos
Elyvilon
Fedhas
Kikubaaqudgha
Okawaru
Sif Muna
Trog
Vehumet
Xom
The Shining One

Shops:
D:7 (

Annotations:
D:6 exclusion: oklob plant
D:7 Joseph

Vault maps used:
D:1:      dpeg_arrival_rooms_c, minivault_27
D:2:      gammafunk_temple_overflow_claw, kennysheep_okawaru_gauntlet
D:3:      gammafunk_temple_overflow_statue
D:5:      lemuel_round_altar, first_bread
D:6:      kennysheep_spiral_hall, tgw_fedhas, overflow_temple_1_default
D:7:      minitemple, basic_altar, serial_shops, shop, st_stairs_14,
          grunt_livestock, uniq_joseph

Vanquished Creatures
  3 hogs (D:7)
  A human (D:7)
  A hungry ghost (D:7)
  An ice beast (D:5)
  3 ogres
  2 centaurs (D:5)
  A gnoll sergeant (D:7)
  A scorpion (D:5)
  A howler monkey (D:4)
  4 crimson imps
  A hound (D:5)
  2 centaur skeletons
  2 orc priests (D:6)
  4 orc wizards
  2 iguanas (D:4)
  6 worker ants
  A hound skeleton (D:6)
  10 adders
  9 gnolls
  A shadow imp (D:6)
  2 adder zombies
  3 worms
  A dart slug (D:2)
  2 leopard geckos
  25 orcs
  6 giant cockroaches
  9 hobgoblins
  7 jackals
  14 kobolds
  9 quokkas
  3 ball pythons
  7 bats
  3 frilled lizards
  8 goblins
  2 quokka skeletons
  4 rats
161 creatures vanquished.

Vanquished Creatures (collateral kills)
  A kobold (D:1)
1 creature vanquished.

Vanquished Creatures (others)
  A hound (D:5)
  An orc wizard (D:4)
  A gnoll (D:1)
  A ball python (D:1)
  15 toadstools (D:6)
19 creatures vanquished.

Grand Total: 181 creatures vanquished

Notes
Turn   | Place    | Note
-------+----------+-------------------------------------------
     0 | D:1      | Cacophonie the High Elf Artificer began the quest for the Orb.
     0 | D:1      | Reached XP level 1. HP: 13/13 MP: 4/4
   310 | D:1      | Reached skill level 2 in Short Blades
   474 | D:1      | Reached XP level 2. HP: 4/18 MP: 5/5
  1012 | D:1      | Reached skill level 3 in Short Blades
  1299 | D:1      | Reached XP level 3. HP: 19/23 MP: 6/6
  1715 | D:2      | Reached skill level 4 in Short Blades
  1945 | D:2      | Found an iron altar of Okawaru.
  2014 | D:2      | Found a bloodstained altar of Trog.
  2014 | D:2      | Found a snail-covered altar of Cheibriados.
  2025 | D:2      | Found a glowing golden altar of the Shining One.
  2396 | D:2      | Reached XP level 4. HP: 21/28 MP: 7/7
  2494 | D:2      | Became a worshipper of Warmaster Okawaru
  2920 | D:2      | Reached skill level 5 in Short Blades
  3596 | D:3      | Found a deep blue altar of Sif Muna.
  3597 | D:3      | Found an ancient bone altar of Kikubaaqudgha.
  4260 | D:3      | Reached skill level 6 in Short Blades
  4260 | D:3      | Reached XP level 5. HP: 25/33 MP: 8/8
  4631 | D:4      | Noticed an ogre
  4640 | D:4      | Killed an ogre
  4640 | D:4      | Reached skill level 7 in Short Blades
  4881 | D:4      | Reached XP level 6. HP: 32/38 MP: 9/9
  5256 | D:4      | Reached * piety under Okawaru
  5524 | D:4      | Reached skill level 8 in Short Blades
  6631 | D:4      | Reached skill level 9 in Short Blades
  6631 | D:4      | Reached XP level 7. HP: 37/43 MP: 10/10
  6713 | D:5      | Entered Level 5 of the Dungeon
  7033 | D:5      | Reached skill level 10 in Short Blades
  7478 | D:5      | Reached ** piety under Okawaru
  7678 | D:5      | Found a staircase to the Ecumenical Temple.
  7705 | D:5      | hey orc
  7705 | D:5      | let me have that falchion
  7722 | D:5      | Reached skill level 11 in Short Blades
  7722 | D:5      | Reached XP level 8. HP: 48/48 MP: 11/11
  7728 | D:5      | feelsgoodman
  7734 | D:5      | maybenottoolate?
  7849 | D:5      | Found a shimmering altar of Xom.
  7961 | D:5      | Reached skill level 1 in Long Blades
  9867 | D:6      | Reached skill level 5 in Long Blades
  9967 | D:6      | Found a blossoming altar of Fedhas.
 10108 | D:6      | Noticed an oklob plant
 10548 | D:6      | Found a shadowy altar of Dithmenos.
 11702 | D:7      | Found an iron altar of Okawaru.
 11706 | D:7      | Found a radiant altar of Vehumet.
 11713 | D:7      | Found a white marble altar of Elyvilon.
 11844 | D:7      | Reached XP level 9. HP: 17/53 MP: 9/12
 11883 | D:7      | Reached *** piety under Okawaru
 11885 | D:7      | Found Ytzar's Antique Weapon Shoppe.
 11885 | D:7      | HP: 1/53 [Joseph/sling bullet (2)]
 11886 | D:7      | Noticed Joseph
 11886 | D:7      | :>
 12253 | D:7      | Slain by Joseph
